 Dungeon Crawl Stone Soup version 0.29.0-4-gdea44cf6ec (webtiles) character file.

Game seed: 7308218088821178680

1974 qw the Grappler (level 9, -5/77 HPs)
             Began as a Ghoul Fire Elementalist on Aug 29, 2022.
             Slain by a yak (12 damage)
             ... on level 6 of the Dungeon.
             The game lasted 00:05:43 (8305 turns).

qw the Grappler (Ghoul Fire Elementalist)           Turns: 8305, Time: 00:05:43

Health: -5/77      AC: 10    Str: 16    XL:     9   Next: 20%
Magic:  10/10      EV: 11    Int: 10    God:
Gold:   299        SH:  0    Dex:  9    Spells: 10/11 levels left

rFire   . . .      SeeInvis .     - Unarmed
rCold   + + .      Faith    .   (no shield)
rNeg    + + +      Spirit   .   o - +0 acid dragon scales
rPois   inf        Reflect  .   c - +1 helmet
rElec   .          Harm     .   e - +0 cloak
rCorr   +          Rampage  .   k - +0 pair of gloves
Will    +....                   (no boots)
Stlth   +.........              (no amulet)
HPRegen 0.00/turn               a - ring of willpower
MPRegen 0.12/turn               h - ring of protection from cold

@: inhibited regen
A: claws 1, cold resistance 1, negative energy resistance 3, inhibited
regeneration, torment resistance 2, devour on kill
a: no special abilities


You were on level 6 of the Dungeon.
You visited 1 branch of the dungeon, and saw 6 of its levels.

You collected 299 gold pieces.


Innate Abilities, Weirdness & Mutations

You are immune to poison.
You have sharp fingernails.
Your flesh is cold resistant. (rC+)
You are immune to negative energy. (rN+++)
You do not regenerate when monsters are visible.
You are immune to unholy pain and torment.
You thrive by killing the living.


   Skills:
 - Level 6.3 Fighting
 - Level 1.2 Throwing
 - Level 2.0 Armour
 - Level 1.7 Dodging
 - Level 2.1 Stealth
 + Level 10.4 Unarmed Combat
 - Level 1.7 Spellcasting
 - Level 0.7 Conjurations
 - Level 2.4 Fire Magic


You had 10 spell levels left.
You knew the following spells:

 Your Spells              Type           Power      Damage    Failure   Level
a - Foxfire               Conj/Fire      16%        2x1d4     22%         1

Your spell library contained the following spells:

 Spells                   Type           Power      Damage    Failure   Level
 Scorch                   Fire           10%        2d5       24%         2
 Conjure Flame            Conj/Fire      4%         6-21      56%         3
 Inner Flame              Hex/Fire       3%         N/A       63%         3
 Flame Wave               Conj/Fire      4%         2d5       92%         4

Inventory:

Missiles
 b - 2 boomerangs (quivered)
Armour
 c - a +1 helmet (worn)
 e - a +0 cloak (worn)
 f - a +3 ring mail
 g - a +0 chain mail
 k - a +0 pair of gloves (worn)
 o - +0 acid dragon scales (worn)
Jewellery
 a - a ring of willpower (left hand)
 h - a ring of protection from cold (right hand)
 n - a ring of fire
Scrolls
 j - a scroll of identify
Potions
 d - a potion of mutation {unknown}
 i - a potion of degeneration {unknown}
 l - a potion of lignification {unknown}
 p - a potion of flight {unknown}

Dungeon Overview and Level Annotations

Branches:
Dungeon (6/15)
 Temple: D:4-7

Altars:
Ashenzari
Ru
Vehumet

Annotations:
D:5 4 transporters, qw's ghost, novice TeWr


Message History

You barely miss the yak.
The yak is heavily wounded.
The yak gores you. x2
You punch the yak!
The yak is moderately wounded.
The yak gores you but does no damage. x2
You barely miss the yak.
The yak is moderately wounded.
The yak misses you.
The yak gores you but does no damage. x2
You punch the yak!
The yak is severely wounded.
The yak gores you. x2; The yak gores you!
You hit the yak but do no damage.
The yak is severely wounded.
The yak barely misses you. The yak gores you but does no damage.
The yak closely misses you.
You punch the yak!
You kill the yak!
You hit the yak.
The yak is lightly wounded.
The yak gores you but does no damage. The yak misses you.
You hit the yak but do no damage.
The yak is heavily wounded.
The yak gores you. x3
You closely miss the yak.
The yak is heavily wounded.
The yak completely misses you. The yak barely misses you.
The yak gores you but does no damage.
You hit the yak. You punch the yak, but do no damage.
The yak is heavily wounded.
The yak gores you but does no damage. x2; The yak gores you.
You completely miss the yak.
The yak is heavily wounded.
You punch the yak! You punch the yak, but do no damage.
The yak is severely wounded.
The yak gores you! The yak closely misses you. x2
You punch the yak!
You kill the yak!
The yak closely misses you. The yak gores you!
You die...

#...##. .## #..#..## ..#
##......# ..# #
#.....#.#####.#
##.##...Y........#
...#.............##
..................##
.###.........#####.##
..........Y...##@Y..##
..............%%Y#...##
##.........####.Y#..<.##
###......## #..#.....#
##......# #.....#..##
##......## #......#..###
##.......### ##...##.##...##
...........###...###.......#
#.....##..#..#..####.......#


You could see 3 yaks.

Vanquished Creatures
  Sigmund (D:6)
  3 yaks (D:6)
  3 black bears
  An ogre (D:6)
  2 phantoms
  A bullfrog (D:6)
  A scorpion (D:3)
  A necrophage (D:6)
  4 wights
  2 howler monkeys
  5 hounds
  A jelly (D:4)
  An orc priest (D:4)
  4 iguanas
  2 orc wizards (D:6)
  11 adders
  An ufetubus (D:5)
  2 worms (D:2)
  6 dart slugs
  8 orcs
  7 ball pythons
  5 endoplasms
  2 giant cockroaches
  7 goblins
  6 hobgoblins
  9 jackals
  4 quokkas
  4 bats
  A frilled lizard (D:3)
  5 kobolds
  8 rats
118 creatures vanquished.

Notes
Turn   | Place    | Note
-------+----------+-------------------------------------------
     0 | D:1      | qw the Ghoul Fire Elementalist began the quest for the Orb.
     0 | D:1      | Reached XP level 1. HP: 14/14 MP: 2/2
     0 | D:1      | 0 ||| qw: Version: 0.1-a-90-g952f4b7
     0 | D:1      | 0 ||| qw: Game counter: 4014
     0 | D:1      | 0 ||| qw: Always use a shield: true
     0 | D:1      | 0 ||| qw: God list: Okawaru
     0 | D:1      | 0 ||| qw: Allow faded altars: false
     0 | D:1      | 0 ||| qw: Do Orc after D:15 true
     0 | D:1      | 0 ||| qw: Do second Lair branch before Depths: true
     0 | D:1      | 0 ||| qw: Lair rune preference: random
     0 | D:1      | 0 ||| qw: Plans: Normal
     0 | D:1      | 0 ||| PLANNING D:1-11
     9 | D:1      | 9 ||| Stepping ~*~*~tactically~*~*~ (stealth).
   295 | D:1      | Found a faded altar of an unknown god.
   376 | D:1      | Reached skill level 1 in Unarmed Combat
   492 | D:1      | Reached XP level 2. HP: 22/22 MP: 3/3
   576 | D:1      | Reached skill level 1 in Fighting
   608 | D:1      | 608 ||| Stepping ~*~*~tactically~*~*~ (hiding).
   710 | D:1      | 710 ||| Stepping ~*~*~tactically~*~*~ (hiding).
   812 | D:1      | 812 ||| Stepping ~*~*~tactically~*~*~ (hiding).
   914 | D:1      | 914 ||| Stepping ~*~*~tactically~*~*~ (hiding).
  1016 | D:1      | 1016 ||| Stepping ~*~*~tactically~*~*~ (hiding).
  1118 | D:1      | 1118 ||| Stepping ~*~*~tactically~*~*~ (hiding).
  1220 | D:1      | 1220 ||| Stepping ~*~*~tactically~*~*~ (hiding).
  1584 | D:1      | 1584 ||| UPGRADING to +1 helmet.
  1589 | D:1      | 1589 ||| UPGRADING to +0 cloak.
  1594 | D:1      | 1594 ||| UPGRADING to +0 leather armour.
  1604 | D:1      | 1604 ||| DROPPING +0 robe.
  1605 | D:1      | 1605 ||| READING scroll labelled ICRI IKOHYIBE.
  1606 | D:1      | 1606 ||| READING 2 scrolls labelled SIPISU XEROTARR.
  1607 | D:1      | 1607 ||| DROPPING potion of magic.
  1608 | D:1      | 1608 ||| DROPPING scroll of blinking.
  1665 | D:2      | Reached skill level 2 in Unarmed Combat
  1673 | D:2      | 1673 ||| Stepping ~*~*~tactically~*~*~ (stealth).
  1679 | D:2      | 1679 ||| Stepping ~*~*~tactically~*~*~ (stealth).
  1682 | D:2      | 1682 ||| Stepping ~*~*~tactically~*~*~ (stealth).
  1691 | D:2      | 1691 ||| Stepping ~*~*~tactically~*~*~ (stealth).
  1722 | D:2      | Reached skill level 3 in Unarmed Combat
  1722 | D:2      | Reached XP level 3. HP: 15/28 MP: 4/4
  2006 | D:2      | 2006 ||| STAIRDANCE
  2018 | D:2      | 2018 ||| STAIRDANCE
  2259 | D:2      | 2259 ||| Stepping ~*~*~tactically~*~*~ (hiding).
  2361 | D:2      | 2361 ||| Stepping ~*~*~tactically~*~*~ (hiding).
  2370 | D:2      | Reached XP level 4. HP: 35/35 MP: 5/5
  2598 | D:2      | 2598 ||| READING scroll labelled WACWUA TITI.
  2599 | D:2      | 2599 ||| DRINKING 2 puce potions.
  2600 | D:2      | 2600 ||| DROPPING potion of invisibility.
  2707 | D:2      | 2707 ||| Stepping ~*~*~tactically~*~*~ (outnumbered).
  2758 | D:2      | Reached skill level 4 in Unarmed Combat
  2763 | D:2      | 2763 ||| Stepping ~*~*~tactically~*~*~ (hiding).
  2865 | D:2      | 2865 ||| Stepping ~*~*~tactically~*~*~ (hiding).
  2937 | D:2      | 2937 ||| Stepping ~*~*~tactically~*~*~ (hiding).
  3047 | D:2      | 3047 ||| Stepping ~*~*~tactically~*~*~ (hiding).
  3149 | D:2      | 3149 ||| Stepping ~*~*~tactically~*~*~ (hiding).
  3251 | D:2      | 3251 ||| Stepping ~*~*~tactically~*~*~ (hiding).
  3353 | D:2      | 3353 ||| Stepping ~*~*~tactically~*~*~ (hiding).
  3586 | D:2      | Found a sacrificial altar of Ru.
  3598 | D:2      | 3598 ||| UPGRADING to ring of willpower.
  3599 | D:2      | 3599 ||| DROPPING +6 ring of intelligence.
  3600 | D:2      | 3600 ||| READING 3 scrolls labelled ILICVEZATO.
  3601 | D:2      | 3601 ||| READING scroll labelled FUNARYAKHE.
  3604 | D:2      | 3604 ||| DROPPING 2 scrolls of butterflies.
  3686 | D:3      | 3686 ||| FLEEEEING.
  3690 | D:3      | 3690 ||| STAIRDANCE
  3745 | D:3      | Noticed a scorpion
  3746 | D:3      | 3746 ||| Stepping ~*~*~tactically~*~*~ (stealth).
  3765 | D:3      | 3765 ||| Stepping ~*~*~tactically~*~*~ (stealth).
  3783 | D:3      | Killed a scorpion
  3784 | D:3      | Reached skill level 5 in Unarmed Combat
  3784 | D:3      | Reached XP level 5. HP: 17/41 MP: 6/6
  3787 | D:3      | 3787 ||| FLEEEEING.
  3788 | D:3      | 3788 ||| FLEEEEING.
  3789 | D:3      | 3789 ||| FLEEEEING.
  3823 | D:3      | 3823 ||| FLEEEEING.
  3826 | D:3      | 3826 ||| STAIRDANCE
  3968 | D:2      | 3968 ||| READING scroll labelled OSUMINT XACSIELE.
  3972 | D:3      | 3972 ||| Stepping ~*~*~tactically~*~*~ (stealth).
  3976 | D:3      | 3976 ||| Stepping ~*~*~tactically~*~*~ (stealth).
  3985 | D:3      | 3985 ||| Stepping ~*~*~tactically~*~*~ (outnumbered).
  4153 | D:3      | 4153 ||| Stepping ~*~*~tactically~*~*~ (stealth).
  4183 | D:3      | 4183 ||| Stepping ~*~*~tactically~*~*~ (hiding).
  4411 | D:3      | 4411 ||| Stepping ~*~*~tactically~*~*~ (stealth).
  4414 | D:3      | 4414 ||| Stepping ~*~*~tactically~*~*~ (stealth).
  4508 | D:3      | 4508 ||| READING scroll labelled FIZOTAL TEUW.
  4618 | D:4      | Reached XP level 6. HP: 48/48 MP: 7/7
  4698 | D:4      | 4698 ||| Stepping ~*~*~tactically~*~*~ (stealth).
  4701 | D:4      | 4701 ||| Stepping ~*~*~tactically~*~*~ (stealth).
  4704 | D:4      | 4704 ||| Stepping ~*~*~tactically~*~*~ (stealth).
  4710 | D:4      | HP: 11/48 [acid (4)]
  4711 | D:4      | 4711 ||| READING 3 scrolls of teleportation.
  4711 | D:4      | HP: 2/48 [acid (8)]
  4713 | D:4      | Reached skill level 6 in Unarmed Combat
  5004 | D:4      | 5004 ||| Stepping ~*~*~tactically~*~*~ (stealth).
  5005 | D:4      | 5005 ||| Stepping ~*~*~tactically~*~*~ (stealth).
  5007 | D:4      | 5007 ||| Stepping ~*~*~tactically~*~*~ (stealth).
  5009 | D:4      | 5009 ||| Stepping ~*~*~tactically~*~*~ (stealth).
  5011 | D:4      | 5011 ||| Stepping ~*~*~tactically~*~*~ (stealth).
  5036 | D:4      | Reached skill level 3 in Fighting
  5147 | D:4      | 5147 ||| Stepping ~*~*~tactically~*~*~ (stealth).
  5149 | D:4      | 5149 ||| Stepping ~*~*~tactically~*~*~ (stealth).
  5288 | D:4      | Found a broken altar of Ashenzari.
  5321 | D:4      | Found a radiant altar of Vehumet.
  5328 | D:4      | 5328 ||| UPGRADING to ring of protection from cold.
  5329 | D:4      | 5329 ||| READING 2 scrolls of teleportation.
  5493 | D:4      | 5493 ||| Stepping ~*~*~tactically~*~*~ (hiding).
  5494 | D:4      | 5494 ||| Stepping ~*~*~tactically~*~*~ (hiding).
  5502 | D:4      | 5502 ||| Stepping ~*~*~tactically~*~*~ (outnumbered).
  5512 | D:4      | Reached XP level 7. HP: 50/57 MP: 8/8
  5898 | D:4      | 5898 ||| READING 2 scrolls of identify.
  5898 | D:4      | 5898 ||| IDENTIFYING bubbling grey potion
  5899 | D:4      | 5899 ||| DROPPING potion of brilliance.
  5964 | D:5      | Entered Level 5 of the Dungeon
  6038 | D:5      | Reached skill level 7 in Unarmed Combat
  6084 | D:5      | Found a transporter.
  6149 | D:5      | Found a transporter.
  6212 | D:5      | 6212 ||| Stepping ~*~*~tactically~*~*~ (stealth).
  6214 | D:5      | 6214 ||| Stepping ~*~*~tactically~*~*~ (stealth).
  6215 | D:5      | 6215 ||| Stepping ~*~*~tactically~*~*~ (stealth).
  6219 | D:5      | 6219 ||| Stepping ~*~*~tactically~*~*~ (stealth).
  6221 | D:5      | 6221 ||| Stepping ~*~*~tactically~*~*~ (stealth).
  6258 | D:5      | 6258 ||| Stepping ~*~*~tactically~*~*~ (stealth).
  6431 | D:5      | Found a transporter.
  6435 | D:5      | Found a transporter.
  6439 | D:5      | Noticed qw's ghost (novice TeWr)
  6713 | D:5      | 6713 ||| UPGRADING to +0 pair of gloves.
  6718 | D:5      | 6718 ||| UPGRADING to +0 acid dragon scales.
  6728 | D:5      | 6728 ||| DROPPING +0 leather armour.
  6729 | D:5      | 6729 ||| READING scroll labelled ZIBROGHOMEE.
  6730 | D:5      | 6730 ||| READING scroll labelled MECRUF DYMPEX.
  6731 | D:5      | 6731 ||| READING 2 scrolls of identify.
  6731 | D:5      | 6731 ||| IDENTIFYING yellow potion
  6750 | D:6      | Reached skill level 1 in Armour
  6756 | D:6      | Noticed Sigmund
  6757 | D:6      | 6757 ||| Stepping ~*~*~tactically~*~*~ (stealth).
  6758 | D:6      | 6758 ||| Stepping ~*~*~tactically~*~*~ (stealth).
  6759 | D:6      | 6759 ||| Stepping ~*~*~tactically~*~*~ (stealth).
  6784 | D:6      | Reached skill level 8 in Unarmed Combat
  6802 | D:6      | 6802 ||| FLEEEEING.
  6803 | D:6      | 6803 ||| FLEEEEING.
  6804 | D:6      | 6804 ||| FLEEEEING.
  6805 | D:6      | 6805 ||| FLEEEEING.
  6806 | D:6      | 6806 ||| FLEEEEING.
  6807 | D:6      | 6807 ||| FLEEEEING.
  6808 | D:6      | 6808 ||| FLEEEEING.
  6809 | D:6      | 6809 ||| STAIRDANCE
  6883 | D:6      | 6883 ||| STAIRDANCE
  6889 | D:5      | Reached XP level 8. HP: 41/66 MP: 9/9
  7032 | D:6      | 7032 ||| STAIRDANCE
  7112 | D:6      | HP: 10/66 [wight/+5 halberd (10)]
  7113 | D:6      | 7113 ||| READING 2 scrolls of teleportation.
  7114 | D:6      | 7114 ||| DRINKING potion of heal wounds.
  7146 | D:6      | 7146 ||| Stepping ~*~*~tactically~*~*~ (stealth).
  7152 | D:6      | HP: 14/66 [Sigmund/magic dart (3)]
  7153 | D:6      | 7153 ||| READING scroll of teleportation.
  7155 | D:6      | Killed Sigmund
  7156 | D:6      | Reached skill level 9 in Unarmed Combat
  7167 | D:6      | 7167 ||| FLEEEEING.
  7172 | D:6      | HP: 11/66 [wight/+5 halberd (7)]
  7178 | D:6      | HP: 1/66 [wight/+5 halberd (8)]
  7361 | D:6      | 7361 ||| FLEEEEING.
  7362 | D:6      | 7362 ||| STAIRDANCE
  7500 | D:6      | 7500 ||| Stepping ~*~*~tactically~*~*~ (stealth).
  7782 | D:6      | 7782 ||| Stepping ~*~*~tactically~*~*~ (stealth).
  7783 | D:6      | 7783 ||| Stepping ~*~*~tactically~*~*~ (stealth).
  7890 | D:6      | Reached skill level 10 in Unarmed Combat
  7920 | D:6      | Reached skill level 1 in Throwing
  7920 | D:6      | Reached XP level 9. HP: 74/74 MP: 10/10
  8259 | D:6      | 8259 ||| Stepping ~*~*~tactically~*~*~ (stealth).
  8261 | D:6      | 8261 ||| Stepping ~*~*~tactically~*~*~ (stealth).
  8263 | D:6      | 8263 ||| Stepping ~*~*~tactically~*~*~ (stealth).
  8264 | D:6      | 8264 ||| Stepping ~*~*~tactically~*~*~ (stealth).
  8272 | D:6      | 8272 ||| Stepping ~*~*~tactically~*~*~ (outnumbered).
  8273 | D:6      | 8273 ||| Stepping ~*~*~tactically~*~*~ (outnumbered).
  8274 | D:6      | 8274 ||| Stepping ~*~*~tactically~*~*~ (outnumbered).
  8275 | D:6      | 8275 ||| Stepping ~*~*~tactically~*~*~ (outnumbered).
  8276 | D:6      | 8276 ||| Stepping ~*~*~tactically~*~*~ (outnumbered).
  8277 | D:6      | 8277 ||| Stepping ~*~*~tactically~*~*~ (outnumbered).
  8278 | D:6      | 8278 ||| Stepping ~*~*~tactically~*~*~ (outnumbered).
  8279 | D:6      | 8279 ||| Stepping ~*~*~tactically~*~*~ (outnumbered).
  8280 | D:6      | 8280 ||| Stepping ~*~*~tactically~*~*~ (outnumbered).
  8281 | D:6      | 8281 ||| Stepping ~*~*~tactically~*~*~ (outnumbered).
  8283 | D:6      | Reached skill level 6 in Fighting
  8284 | D:6      | 8284 ||| Stepping ~*~*~tactically~*~*~ (stealth).
  8300 | D:6      | HP: 18/77 [yak (6)]
  8304 | D:6      | HP: 7/77 [yak (7)]
  8305 | D:6      | Slain by a yak

Levels and vault maps discovered:
D:1:      erik_arrival_blinker_ship, layout_basic, basic_ecumenical_altar
D:2:      layout_basic, basic_altar
D:3:      layout_rooms
D:4:      layout_basic, fiery_altar_vehumet, ashenzari_altar_1,
          minmay_close_crescents
D:5:      gammafunk_cloud_chamber, layout_loops_ring, gammafunk_ghost_stat_death
D:6:      layout_layer_cave, uniq_sigmund

Skill      XL: |  1  2  3  4  5  6  7  8  9 |
---------------+----------------------------+-----
Unarmed Combat | 1 3 5 6 8 10 | 10.4
Fighting       | 1 2 3 4 5 6 |  6.3
Armour         | 1 2 |  2.0
Throwing       | 1 |  1.2
Dodging        | |  1.7
Stealth        | |  2.1
Spellcasting   | |  1.7
Conjurations   | |  0.7
Fire Magic     | |  2.4

Action                   |  1- 3 |  4- 6 |  7- 9 || total
-------------------------+-------+-------+-------++-------
Melee: Unarmed           |    89 |   216 |   209 ||   514
       Punch             |       |     6 |    10 ||    16
Throw: Boomerang         |       |       |    19 ||    19
  Use: Scroll            |     2 |     7 |     6 ||    15
       Potion            |       |     1 |     1 ||     2
 Stab: Sleeping          |       |     1 |       ||     1
Armor: Leather armour    |    17 |    81 |    27 ||   125
       Robe              |     4 |       |       ||     4
       Acid dragon scale |       |       |    51 ||    51
Dodge: Dodged            |    41 |   108 |   107 ||   256

Table legend:
 A = Non-vault XP
 B = Vault XP
 C = Vault XP percentage of total XP
 D = Non-vault monster count
 E = Vault monster count
 F = Vault count percentage of total count
                 A         B        C        D         E       F
            +---------+---------+-------+---------+---------+-------
      Total |    2739 |     284 |   9.4 |     112 |       6 |   5.1
            +---------+---------+-------+---------+---------+-------
        D:1 |      21 |       0 |   0.0 |      12 |       0 |   0.0
        D:2 |     105 |       0 |   0.0 |      24 |       0 |   0.0
        D:3 |     152 |       0 |   0.0 |      23 |       0 |   0.0
        D:4 |     319 |      58 |  15.4 |      18 |       5 |  21.7
        D:5 |     511 |       0 |   0.0 |      13 |       0 |   0.0
        D:6 |    1631 |     226 |  12.2 |      22 |       1 |   4.3
            +---------+---------+-------+---------+---------+-------
